 Dungeon Crawl Stone Soup version 0.22-a0-374-g5dfd9e3 (webtiles) character file.

16 Amnesiac the Shield-Bearer (level 2, -4/18 HPs)
             Began as a Deep Elf Fighter on Apr 26, 2018.
             Slain by Natasha (6 damage)
             ... on level 2 of the Dungeon.
             The game lasted 00:00:51 (687 turns).

Amnesiac the Shield-Bearer (Deep Elf Fighter)        Turns: 687, Time: 00:00:52

Health: -4/18      AC:  6    Str: 18    XL:     2   Next: 41%
Magic:  4/4        EV:  8    Int: 12    God:
Gold:   52         SH:  9    Dex: 14    Spells: 1/1 levels left

rFire    . . .     SeeInvis .   a - +0 rapier
rCold    . . .     Gourm    .   c - +0 shield
rNeg     . . .     Faith    .   b - +0 scale mail
rPois    .         Spirit   .   (no helmet)
rElec    .         Reflect  .   (no cloak)
rCorr    .         Harm     .   (no gloves)
MR       .....                  (no boots)
Stlth    ..........             (no amulet)
HPRegen  0.06/turn              (no ring)
MPRegen  0.09/turn              (no ring)

@: mighty
A: no striking features
a: no special abilities


You were on level 2 of the Dungeon.
You were not hungry.

You visited 1 branch of the dungeon, and saw 2 of its levels.

You collected 52 gold pieces.

Inventory:

Hand Weapons
 a - a +0 rapier (weapon)
Armour
 b - a +0 scale mail (worn)
 c - a +0 shield (worn)
Scrolls
 e - a scroll of identify {!r, unknown}
 h - a scroll of blinking {!r, unknown}
 i - a scroll of enchant weapon {!r, unknown}
Potions
 d - a potion of might {!q}
Comestibles
 f - 2 rations


   Skills:
 * Level 2.4 Fighting
 - Level 2.0 Short Blades
 * Level 2.4 Armour
 + Level 2.4 Dodging
 - Level 2.4 Shields


You had one spell level left.
You didn't know any spells.

Dungeon Overview and Level Annotations

Branches:
Dungeon (2/15)

Altars:

Annotations:
D:2 Natasha


Message History

The giant cockroach bites you but does no damage.
A giant cockroach is nearby!
You hit the giant cockroach.
You kill the giant cockroach!
You butcher the giant cockroach corpse.
g - 4 chunks of flesh (gained 1)
f - 2 rations (gained 1)
i - a scroll labeled IDIFUW OHEROUMM {!r} No target in view!
Some of the chunks of flesh in your inventory have rotted away.
Some of the chunks of flesh in your inventory have rotted away.
Key pressed, stopping explore.
No target in view!
You now have 52 gold pieces (gained 7).
Done exploring.
No target in view!
Done exploring.
No target in view!
Done exploring.
No target in view!
Done exploring.
No target in view!
Done exploring.
No target in view!
Done exploring.
Done exploring.
Done exploring.
All of the chunks of flesh in your inventory have rotted away.
There is a stone staircase leading down here.
You climb downwards.
There is a stone staircase leading up here.
Found a stone staircase leading up.
No target in view!
Natasha, Servant of Life and Death comes into view.
Natasha hisses angrily.
A worm comes into view.
You block Natasha's attack.
There are monsters nearby!
You barely miss Natasha.
Natasha casts a spell.
There are monsters nearby!
You closely miss Natasha. Natasha claws you.
Natasha howls an incantation.
You feel troubled.
Natasha mumbles some strange words.
Really quaff
d - 2 potions of might {!q}?
You feel very mighty all of a sudden. You block Natasha's attack.
The crimson imp grins evilly.
You closely miss Natasha. You block Natasha's attack.
Your shield prevents you from hitting Natasha.
Natasha claws you!
* * * LOW HITPOINT WARNING * * *
You puncture Natasha!
Natasha is severely wounded.
Natasha claws you but does no damage.
You hit Natasha but do no damage.
Natasha is severely wounded.
Natasha claws you.
* * * LOW HITPOINT WARNING * * *
You barely miss Natasha.
Natasha is severely wounded.
Natasha claws you.
You die...

. #########
..#####........
...........#
.###....#....#
.............# ..
#..#...# #. ..
####5w.# ..###.
##.@h5#.# .#.....##
##..####...
#.<.....####......#
#w..
.........##..####.#
#.## .........##.##
.# .# ............#
# # #.........####
#.........#
##.......##


You could see a worm, an iron imp, Natasha and a crimson imp.

Vanquished Creatures
  A dart slug (D:1)
  A leopard gecko (D:1)
  A bat (D:1)
  A giant cockroach (D:1)
  3 goblins
  2 hobgoblins (D:1)
  A frilled lizard (D:1)
  A kobold (D:1)
  A rat (D:1)
12 creatures vanquished.

Notes
Turn   | Place    | Note
-------+----------+-------------------------------------------
     0 | D:1      | Amnesiac the Deep Elf Fighter began the quest for the Orb.
     0 | D:1      | Reached XP level 1. HP: 13/13 MP: 3/3
    88 | D:1      | Reached skill level 1 in Dodging
   200 | D:1      | Reached XP level 2. HP: 18/18 MP: 4/4
   675 | D:2      | Noticed Natasha
   681 | D:2      | Noticed a crimson imp
   687 | D:2      | Slain by Natasha

Vault maps used:
D:1:      erik_arrival_triangle_medium
D:2:      minmay_misc_feat_enclosed, minmay_misc_feat_tower, uniq_natasha

Skill      XL: |  1 |
---------------+----+-----
Dodging        | 2 |  2.4
Fighting       | |  2.4
Short Blades   | |  2.0
Armour         | |  2.4
Shields        | |  2.4

Action                   || total
-------------------------++-------
Melee: Rapier            ||    42
  Use: Potion            ||     1
Armor: Scale mail        ||    20
Dodge: Dodged            ||    12
Block: Shield            ||    13

Table legend:
 A = Spawn XP
 B = Non-spawn XP
 C = Spawn XP percentage of total XP
 D = Spawn monster count
 E = Non-spawn monster count
 F = Spawn count percentage of total count
 G = Total turns spent on level
                    A         B        C        D         E        F      G
               +---------+---------+-------+---------+---------+-------+---------
         Total |       0 |      24 |   0.0 |       0 |      12 |   0.0 |   687
               +---------+---------+-------+---------+---------+-------+---------
           D:1 |       0 |      20 |   0.0 |       0 |      10 |   0.0 |   630
           D:2 |       0 |       4 |   0.0 |       0 |       2 |   0.0 |    57
               +---------+---------+-------+---------+---------+-------+---------
